 Dungeon Crawl Stone Soup version 0.27.1-35-g4d5d836560 (webtiles) character file.

Game seed: 4406861194862976075

46 Delamore the Sneak (level 3, -2/24 HPs)
             Began as an Octopode Brigand on Apr 30, 2022.
             Frozen to death by an endoplasm (5 damage)
             ... on level 2 of the Dungeon.
             The game lasted 00:01:03 (1329 turns).

Delamore the Sneak (Octopode Brigand)               Turns: 1329, Time: 00:01:04

Health: -2/24      AC:  1    Str: 10    XL:     3   Next: 68%
Magic:  3/3        EV: 12    Int: 13    God:
Gold:   78         SH:  0    Dex: 14    Spells: 2/2 levels left

rFire    . . .     SeeInvis .   a - +2 dagger
rCold    . . .     Faith    .   (no shield)
rNeg     . . .     Spirit   .   (helmet restricted)
rPois    .         Reflect  .   (no amulet)
rElec    .         Harm     .   (no ring)
rCorr    .         Rampage  .   (no ring)
Will     .....                  (no ring)
Stlth    ++++......             (no ring)
HPRegen  0.08/turn              (no ring)
MPRegen  0.08/turn              (no ring)
                                (no ring)
                                (no ring)

@: no status effects
A: almost no armour, amphibious, 8 rings, camouflage 1, gelatinous body 1,
(nimble swimmer 1), tentacles
a: no special abilities


You were on level 2 of the Dungeon.
You visited 1 branch of the dungeon, and saw 2 of its levels.

You collected 78 gold pieces.

Inventory:

Hand Weapons
 a - a +2 dagger (weapon)
Missiles
 b - 8 poisoned darts (quivered)
Scrolls
 d - a scroll of teleportation {unknown}
 f - a scroll of enchant weapon {unknown}
 g - a scroll of magic mapping {unknown}
Potions
 e - 4 potions of curing {unknown}


   Skills:
 - Level 2.0 Fighting
 * Level 3.4 Short Blades
 - Level 2.0 Throwing
 - Level 1.0 Dodging
 + Level 6.0 Stealth


You had 2 spell levels left.
You didn't know any spells.
Your spell library contained the following spells:

 Spells                   Type           Power      Damage    Failure   Level
 Magic Dart               Conj           0%         1d3       30%         1
 Call Imp                 Summ           0%         N/A       43%         2
 Mephitic Cloud           Conj/Pois/Air  0%         N/A       67%         3


Dungeon Overview and Level Annotations

Branches:
Dungeon (2/15)

Altars:


Innate Abilities, Weirdness & Mutations

You cannot wear most types of armour.
You are amphibious.
You can wear up to eight rings at the same time.
Your skin changes colour to match your surroundings (Stealth+).
Your rubbery body absorbs attacks. (AC +1, EV +1)
((You are camouflaged near water. (Stealth+)))
You have tentacles for arms and can constrict up to eight enemies at once.


Message History

You hit the worm. You squeeze the worm.
The worm is heavily wounded.
You constrict the worm, but do no damage.
The worm bites you!
You hit the worm.
The worm is heavily wounded.
You constrict the worm. The endoplasm barely misses you.
You hit the worm. You squeeze the worm, but do no damage.
The worm is almost dead.
You constrict the worm. The endoplasm hits you. The worm bites you!
* * * LOW HITPOINT WARNING * * *
You are too injured to fight recklessly!
You are too injured to fight recklessly!
You are too injured to fight recklessly!
You are too injured to fight recklessly!
You are too injured to fight recklessly!
You are too injured to fight recklessly!
You are too injured to fight recklessly!
You are too injured to fight recklessly!
You are too injured to fight recklessly!
You are too injured to fight recklessly!
You release your grip on the worm.
The goblin hits you with a +0 club.
* * * LOW HITPOINT WARNING * * *
The goblin misses you. The goblin barely misses you.
Throw: 2 darts (curare)
Press: ? - help, Q - select action, (/) - cycle Shift-Dir - straight line, f - goblin
Aim: a goblin, wielding a +0 club (53% to hit)
You throw a curare-tipped dart. The curare-tipped dart hits the goblin.
The goblin is poisoned.
The goblin convulses.
You kill the goblin!
Throw: dart (curare)
Press: ? - help, Q - select action, (/) - cycle Shift-Dir - straight line, f - endoplasm
Aim: an endoplasm (86% to hit)
You throw a curare-tipped dart.
The curare-tipped dart hits the endoplasm.
The endoplasm freezes you.
You are frozen.
You die...

#.#.##.#.# #
#.#....#.# #'#
###.######.# ....
#..........#
.....#.#..(......
........####.####
....###.........
...##$##.##########
. #...#....J@....#
#.†w#######.#
#...#..# ##.##).#
#.#..w# .#...## .
##..# .. #...#
#.#..#


You could see a worm and an endoplasm.

Vanquished Creatures
  A dart slug (D:2)
  4 ball pythons (D:1)
  4 bats
  3 endoplasms
  A giant cockroach (D:1)
  4 goblins (D:2)
  6 hobgoblins (D:1)
  4 quokkas
  2 frilled lizards (D:1)
  6 kobolds
  5 rats
40 creatures vanquished.

Notes
Turn   | Place    | Note
-------+----------+-------------------------------------------
     0 | D:1      | Delamore the Octopode Brigand began the quest for the Orb.
     0 | D:1      | Reached XP level 1. HP: 14/14 MP: 1/1
   153 | D:1      | Reached XP level 2. HP: 19/19 MP: 2/2
   804 | D:1      | Reached XP level 3. HP: 21/24 MP: 3/3
  1309 | D:2      | Reached skill level 6 in Stealth
  1329 | D:2      | Frozen to death by an endoplasm

Illustrated notes

Levels and vault maps discovered:
D:1:      lightli_arrival_boilingwater, layout_basic
D:2:      layout_basic, amcnicky_mini_rare_corridor_liquid, minmay_ruptured

Skill      XL: |  1  2  3 |
---------------+----------+-----
Short Blades   | 3 |  3.4
Stealth        | 6 |  6.0
Fighting       | |  2.0
Throwing       | |  2.0
Dodging        | |  1.0

Action                   || total
-------------------------++-------
Melee: Dagger            ||    64
       Constrict         ||    14
       Tentacles         ||     8
Throw: Dart              ||     2
 Stab: Sleeping          ||    19
Armor: Skin              ||     2
Dodge: Dodged            ||    29
